 Dungeon Crawl Stone Soup version 0.29-a0-575-g0dc89cf053 (webtiles) character file.

Game seed: 4525104701613973202

69802 xSliceyx the Warrior (level 14, 0/128 HPs)
             Began as a Minotaur Fighter on June 11, 2022.
             Was a High Priest of Hepliaklqana.
             Shot with a bolt by an orc warlord (7 damage)
             ... on level 1 of the Orcish Mines on June 12, 2022.
             The game lasted 01:59:28 (29706 turns).

xSliceyx the Warrior (Minotaur Fighter)            Turns: 29706, Time: 01:59:28

Health: 0/128      AC: 24    Str: 33    XL:     14   Next: 91%
Magic:  37/41      EV:  9    Int:  5    God:    Hepliaklqana [*****.]
Gold:   357        SH:  5    Dex: 17    Spells: 13/13 levels left

rFire   . . .      SeeInvis .   K - +6 trident of Inflation {vorpal, *Slow rN++ Stlth+}
rCold   . . .      Faith    .   c - +0 buckler
rNeg    + + .      Spirit   .   r - +1 chain mail of Inaction {MP+9 Str+3}
rPois   +          Reflect  .   (helmet restricted)
rElec   .          Harm     .   E - +2 cloak
rCorr   +          Rampage  +   o - +2 pair of gloves {infuse}
Will    ++...                   J - +1 pair of boots {rampage}
Stlth   ..........              i - amulet of regeneration
HPRegen 1.11/turn               V - ring "Liss" {rPois rCorr Dex+3}
MPRegen 0.27/turn               W - ring of Winter {Will+ MP+9 Str+4 Dex+4}

@: slowed, very slow
A: reduced essence, horns 2, retaliatory headbutt
a: Renounce Religion, Recall Ancestor, Ancestor Identity, Transference, Idealise


You were on level 1 of the Orcish Mines.
You worshipped Hepliaklqana.
Hepliaklqana was extremely pleased with you.
You visited 4 branches of the dungeon, and saw 21 of its levels.
You visited the Abyss 1 time.
You also visited: Gauntlet.

You collected 2099 gold pieces.
You spent 1742 gold pieces at shops.

Inventory:

Hand Weapons
 w - a +3 scimitar of flaming
 I - a +4 hunting sling
 K - the +6 trident of Inflation (weapon) {vorpal, *Slow rN++ Stlth+}
   (You found it on level 8 of the Dungeon)

   It inflicts extra damage upon your enemies.
   rN:        It greatly protects you from negative energy.
   *Slow:     It may slow you when you take damage.
   Stlth:     It makes you more stealthy.
Missiles
 a - 438 stones
 p - 10 javelins (quivered)
 L - 2 curare-tipped darts
 S - 22 poisoned darts
 T - 2 atropa-tipped darts
Armour
 c - a +0 buckler (worn)
 o - a +2 pair of gloves of infusion (worn)
 q - a +1 pair of boots
 r - the +1 chain mail of Inaction (worn) {MP+9 Str+3}
   (You found it on level 2 of the Dungeon)

   Str:       It affects your strength (+3).
   MP:        It affects your magic capacity (+9).
 E - a +2 cloak (worn)
 J - a +1 pair of boots of rampaging (worn)
Jewellery
 i - an amulet of regeneration (around neck)
 s - a +4 ring of evasion
 A - a ring of poison resistance
 C - a ring of fire
 G - a ring of protection from cold
 V - the ring "Liss" (left hand) {rPois rCorr Dex+3}
   (You bought it in a shop on level 2 of the Orcish Mines)

   [ring of poison resistance]

   Dex:       It affects your dexterity (+3).
   rPois:     It protects you from poison.
   rCorr:     It protects you from acid and corrosion.
 W - the ring of Winter (right hand) {Will+ MP+9 Str+4 Dex+4}
   (You bought it in a shop on level 2 of the Orcish Mines)

   [ring of magical power]

   Str:       It affects your strength (+4).
   Dex:       It affects your dexterity (+4).
   MP:        It affects your magic capacity (+9).
   Will:      It increases your willpower.
Wands
 k - a wand of acid (10)
 z - a wand of paralysis (6)
 H - a wand of flame (23)
 N - a wand of digging (8)
 O - a wand of polymorph (5)
 U - a wand of iceblast (8)
Scrolls
 d - 2 scrolls of identify
 e - a scroll of fog
 g - 3 scrolls of immolation
 h - a scroll of summoning {unknown}
 m - 3 scrolls of magic mapping
 t - 2 scrolls of blinking
 u - a scroll of amnesia
 v - a scroll of poison
 x - 4 scrolls of silence
 y - 11 scrolls of teleportation
 Q - 2 scrolls of fear
Potions
 b - 3 potions of lignification
 j - 5 potions of ambrosia
 n - 4 potions of curing
 B - 5 potions of cancellation
 D - a potion of invisibility
 F - 8 potions of might
 M - a potion of flight
 P - 3 potions of haste
 X - a potion of berserk rage {unknown}
 Z - 3 potions of attraction {unknown}
Miscellaneous
 l - a condenser vane (inert)
 R - a tin of tremorstones (1/2)
 Y - a box of beasts


   Skills:
 - Level 18.0 Fighting
 - Level 2.4 Polearms
 - Level 2.0 Throwing
 + Level 15.6 Armour
 - Level 4.0 Shields
 - Level 14.5 Invocations
 - Level 10.0 Evocations


You had 13 spell levels left.
You didn't know any spells.
Your spell library contained the following spells:

 Spells                   Type           Power      Damage    Failure   Level
 Foxfire                  Conj/Fire      0%         2x1d4     89%         1
 Necrotize                Necr           0%         1d4       89%         1
 Sandblast                Erth           0%         2d4       89%         1
 Passwall                 Tmut/Erth      0%         N/A       96%         2
 Sublimation of Blood     Necr           0%         N/A       96%         2
 Conjure Flame            Conj/Fire      0%         6-21      99%         3
 Gell's Gravitas          Tloc           0%         N/A       99%         3
 Inner Flame              Hex/Fire       0%         N/A       99%         3
 Lesser Beckoning         Tloc           0%         N/A       99%         3
 Ozocubu's Armour         Ice            0%         N/A       99%         3
 Stone Arrow              Conj/Erth      0%         3d7       99%         3
 Teleport Other           Tloc           0%         N/A       99%         3
 Vampiric Draining        Necr           0%         2d6       99%         3
 Animate Dead             Necr           0%         N/A       100%        4
 Flame Wave               Conj/Fire      0%         2d4       100%        4
 Olgreb's Toxic Radiance  Pois           0%         N/A       100%        4
 Petrify                  Tmut/Erth      0%         N/A       100%        4
 Agony                    Necr           0%         N/A       100%        5
 Alistair's Intoxication  Tmut/Pois      0%         N/A       100%        5
 Borgnjor's Vile Clutch   Necr/Erth      0%         N/A       100%        5
 Irradiate                Conj/Tmut      0%         3d13      100%        5
 Iskenderun's Battlesphe  Conj           0%         2d6       100%        5
 Metabolic Englaciation   Hex/Ice        0%         N/A       100%        5
 Death Channel            Necr           0%         N/A       100%        6
 Eringya's Noxious Bog    Tmut/Pois      0%         N/A       100%        6
 Iron Shot                Conj/Erth      0%         9d1       100%        6
 Simulacrum               Ice/Necr       0%         N/A       100%        6
 Statue Form              Tmut/Erth      0%         N/A       100%        6
 Malign Gateway           Summ/Tloc      0%         N/A       100%        7
 Ozocubu's Refrigeration  Ice            0%         4d5       100%        7
 Spellforged Servitor     Conj/Summ      0%         N/A       100%        7
 Ignition                 Fire           0%         3d3       100%        8
 Summon Horrible Things   Summ           0%         N/A       100%        8


Dungeon Overview and Level Annotations

Branches:
Dungeon (12/15)            Temple (1/1) D:4            Lair (6/6) D:10
  Swamp (0/4) Lair:2       Spider (0/4) Lair:3        Slime (0/5) Lair:5
    Orc (2/2) D:11            Elf (0/3) Orc:2       Gauntlet (visited)

Altars:
Ashenzari
Cheibriados
Dithmenos
Elyvilon
Fedhas
Gozag
Hepliaklqana
Kikubaaqudgha
Makhleb
Nemelex Xobeh
Okawaru
Qazlal
Ru
Sif Muna
Trog
Uskayaw
Vehumet
Wu Jian
Xom
Yredelemnul
Zin
The Shining One

Shops:
D:9 *   D:10 =   Orc:2 :*(=[

Annotations:
D:6 3 runed translucent doors, DocClef's ghost, weakling GnDe; Hubjo's ghost, novice DsTm; Wiilli's ghost, novice SpVM
Lair:5 1 runed translucent door, exclusion: 4 oklob plants, Tynuabry's ghost, journeyman DECj


Innate Abilities, Weirdness & Mutations

Your life essence is reduced to manifest your ancestor. (-10% HP)
You have a pair of horns on your head.
You reflexively headbutt those who attack you in melee.


Message History

Alice drains the orc warlord!
The orc warrior misses Alice.
Alice barely misses the orc warlord.
Reach: K) +6 trident of Inflation {vorpal, *Slow rN++ Stlth+}
Press: ? - help, Dir - move target, f/p - orc warlord
Aim: an orc warlord, wielding a +2 vorpal great sword and wearing a +1 chain mail of fire resistance (almost dead, not watching you, slow, lightly drained, ally target, about 22% to evade the +6 trident of Inflation)
You reach to attack!
You hit the orc warlord.
The orc warlord is almost dead.
Alice points at the orc warlord and mumbles some strange words.
The orc warlord resists with some effort.
The orc warrior hits Alice with a +0 war axe!!
The orc warlord hits Alice with a +2 vorpal great sword!!
Alice is destroyed!
The orc warlord shouts!
Reach: K) +6 trident of Inflation {vorpal, *Slow rN++ Stlth+}
Press: ? - help, Dir - move target, f/p - orc warlord
Aim: an orc warlord, wielding a +2 vorpal great sword and wearing a +1 chain mail of fire resistance (almost dead, slow, lightly drained, about 22% to evade the +6 trident of Inflation)
You reach to attack!
You hit the orc warlord.
The orc warlord is almost dead.
The orc warrior throws a boomerang.
The boomerang hits you but does no damage.
The orc warlord unwields a +2 vorpal great sword.
The orc warlord wields a +0 arbalest.
The orc warlord shoots a bolt.
The bolt hits you!!
* * * LOW HITPOINT WARNING * * *
The orc warrior attacks as you move away!
The orc warrior hits you with a +0 war axe!
* * * LOW HITPOINT WARNING * * *
There is a stone staircase leading down here.
Unknown command.
You feel much better. The orc warrior closely misses you.
The orc warrior hits you from afar with a +0 glaive!!
* * * LOW HITPOINT WARNING * * *
The orc warlord shoots a bolt.
The bolt hits you!
* * * LOW HITPOINT WARNING * * *
The orc warrior hits you from afar with a +0 glaive!
* * * LOW HITPOINT WARNING * * *
The orc warrior hits you with a +0 short sword.
* * * LOW HITPOINT WARNING * * *
The orc warlord shoots a bolt.
The bolt hits you!
You die...

'.. #.. #..
#.o .. #.
######.#####
#......oo.@##
...^....oo..#
.......$...##
......$..###
..........
.....$....#
...^.......
....$$....##
......#.##


You could see an orc warlord (slow, drained) and 3 orc warriors.

Vanquished Creatures
  2 orc warlords (Orc:2)
  A boulder beetle (D:10)
  4 hydras
  2 centaur warriors
  Erica (D:9)
  A merfolk avatar (Lair:6)
  2 two-headed ogres
  4 death yaks
  A thrashing horror (Gauntlet)
  5 orc high priests
  Amaemon (Lair:1)
  A sea snake (Lair:6)
  2 harpies (Lair:6)
  2 orc knights (Orc:2)
  3 manticores
  3 ugly things (D:10)
  3 cyclopes
  7 elephants
  A gargoyle (D:12)
  An unseen horror (D:10)
  3 rime drakes
  An orange demon (Lair:1)
  6 cane toads
  2 torpor snails
  Psyche (D:8)
  3 kobold demonologists (D:10)
  An efreet (D:10)
  A tengu conjurer (D:10)
  9 komodo dragons
  8 trolls
  A polar bear (Lair:6)
  2 wind drakes (Lair:6)
  9 blink frogs
  6 slime creatures (D:12)
  2 dream sheep (Lair:5)
  2 jumping spiders (Lair:3)
  6 wraiths
  2 shadows
  29 yaks
  A steam dragon (Lair:4)
  4 wyverns
  2 basilisks
  3 vampire mosquitoes
  Menkaure (D:7)
  2 swamp worms (Gauntlet)
  2 acid dragons
  2 wargs (Orc:2)
  Duvessa (D:5)
  12 water moccasins
  28 orc warriors
  2 ice beasts
  2 black bears
  A hornet zombie (D:6)
  5 ogres
  8 wolves
  13 centaurs
  3 phantoms (D:5)
  7 kobold brigands
  10 bullfrogs
  A necrophage (D:4)
  8 wights
  A hexer (Orc:2)
  The ghost of Curundu the Shield-Bearer, a weakling TrFi (D:3)
  Dowan (D:5)
  15 killer bees
  An electric eel (Lair:2)
  5 jellies
  5 howler monkeys
  4 bullfrog zombies (D:6)
  3 small abominations (Gauntlet)
  A lava snake (D:9)
  13 orc priests
  A gnoll shaman (Orc:2)
  3 hounds
  17 orc wizards
  A howler monkey zombie (D:6)
  3 gnolls (Orc:2)
  8 adders
  3 shadow imps (D:6)
  2 white imps
  3 worms
  2 dart slugs
  62 orcs
  5 ball pythons
  6 endoplasms
  2 giant cockroaches
  6 goblins
  7 hobgoblins
  15 kobolds
  3 quokkas (D:1)
  4 bats
  4 frilled lizards
  4 rats
470 creatures vanquished.

Vanquished Creatures (collateral kills)
  A minotaur (Gauntlet)
  Erolcha (Orc:1)
  2 hydras
  2 death yaks (Lair:6)
  Nergalle (Lair:1)
  An orc knight (Orc:2)
  A manticore (D:12)
  A cyclops (D:10)
  An elephant (Lair:6)
  2 black mambas
  4 cane toads
  An unseen horror (D:12)
  5 komodo dragons
  2 trolls
  2 hornets
  2 polar bears
  A tyrant leech (Gauntlet)
  7 blink frogs
  A vampire (D:12)
  5 yaks
  2 basilisks
  A steam dragon (D:9)
  An acid dragon (D:12)
  A warg (Orc:2)
  5 water moccasins
  9 orc warriors
  A black bear (Lair:1)
  A wolf (Lair:3)
  An ogre (Orc:2)
  A centaur (Lair:5)
  2 bullfrogs
  A wight (D:7)
  3 killer bees (D:8)
  3 howler monkeys
  2 orc priests
  3 orc wizards
  A gnoll (Orc:2)
  14 orcs
  An endoplasm (D:6)
  5 kobolds
101 creatures vanquished.

Vanquished Creatures (others)
  20 hexers
  9 ancestors
  A white imp (Abyss:2)
  A bat (D:3)
  An endoplasm (D:3)
  A hobgoblin (D:3)
  45 fungi
  62 plants
  8 toadstools (D:6)
  4 withered plants (D:6)
152 creatures vanquished.

Grand Total: 723 creatures vanquished

Notes
Turn   | Place    | Note
-------+----------+-------------------------------------------
     0 | D:1      | xSliceyx the Minotaur Fighter began the quest for the Orb.
     0 | D:1      | Reached XP level 1. HP: 19/19 MP: 0/0
   168 | D:1      | Reached XP level 2. HP: 26/26 MP: 1/1
   737 | D:2      | Reached XP level 3. HP: 24/31 MP: 2/2
   881 | D:2      | Found a faded altar of an unknown god.
   975 | D:2      | Reached skill level 5 in Armour
  1648 | D:2      | Identified the +1 chain mail of Inaction {MP+9 Str+3}
  1828 | D:3      | Found a broken altar of Ashenzari.
  1841 | D:3      | Found a runed translucent door.
  1842 | D:3      | Noticed Curundu's ghost (weakling TrFi)
  1850 | D:3      | Reached XP level 4. HP: 34/39 MP: 3/3
  2178 | D:3      | Found a white marble altar of Elyvilon.
  2385 | D:4      | Noticed an ogre
  2463 | D:4      | Noticed a necrophage
  2483 | D:4      | Killed a necrophage
  2484 | D:4      | Reached XP level 5. HP: 37/45 MP: 4/4
  3011 | D:4      | Noticed an ogre
  3023 | D:4      | Killed an ogre
  3024 | D:4      | Reached skill level 4 in Fighting
  3024 | D:4      | Reached XP level 6. HP: 25/52 MP: 5/5
  3218 | D:4      | Found a staircase to the Ecumenical Temple.
  3285 | Temple   | Entered the Ecumenical Temple
  3752 | Temple   | Became a worshipper of Hepliaklqana the Forgotten
  4217 | D:4      | Reached skill level 5 in Fighting
  4353 | D:5      | Entered Level 5 of the Dungeon
  4358 | D:5      | Noticed an ice beast
  4363 | D:5      | Killed an ice beast
  4364 | D:5      | Reached skill level 6 in Fighting
  4433 | D:5      | Reached XP level 7. HP: 55/63 MP: 6/6
  4491 | D:5      | Reached skill level 1 in Throwing
  4622 | D:5      | Reached skill level 7 in Fighting
  4641 | D:5      | Noticed Duvessa
  4649 | D:5      | Noticed Dowan
  4666 | D:5      | Reached skill level 8 in Fighting
  4687 | D:5      | Killed Duvessa
  4705 | D:5      | Reached XP level 8. HP: 37/77 MP: 7/7
  4711 | D:5      | Killed Dowan
  4712 | D:5      | Reached skill level 9 in Fighting
  5219 | D:5      | Reached skill level 10 in Fighting
  5633 | D:6      | Reached * piety under Hepliaklqana
  5675 | D:6      | Identified the +0 leather armour of Chimes {Regen+ Int+4
                  | Dex+4}
  5678 | D:6      | Found a basalt altar of Yredelemnul.
  5813 | D:6      | Reached skill level 11 in Fighting
  6080 | D:6      | Reached skill level 12 in Fighting
  6231 | D:6      | Reached XP level 9. HP: 81/81 MP: 5/8
  6527 | D:6      | Found a runed translucent gate.
  6527 | D:6      | Found a runed translucent gate.
  6529 | D:6      | Found a runed translucent gate.
  6531 | D:6      | Noticed Hubjo's ghost (novice DsTm)
  6531 | D:6      | Noticed Wiilli's ghost (novice SpVM)
  6531 | D:6      | Noticed DocClef's ghost (weakling GnDe)
  6894 | D:7      | Reached skill level 13 in Fighting
  7112 | D:7      | Noticed Menkaure
  7121 | D:7      | Killed Menkaure
  7140 | D:7      | Reached skill level 14 in Fighting
  8068 | D:8      | Paralysed by a hornet for 3 turns
  8080 | D:8      | Reached skill level 15 in Fighting
  8142 | D:8      | Reached ** piety under Hepliaklqana
  8359 | D:8      | Identified the ring of Goetyqi {Str+2 Slay+4}
  8361 | D:8      | Reached XP level 10. HP: 87/95 MP: 9/9
  8597 | D:8      | Noticed Psyche
  8604 | D:8      | Killed Psyche
  8622 | D:8      | Identified the +6 trident of Inflation {vorpal, *Slow rN++
                  | Stlth+}
  8692 | D:8      | Reached skill level 16 in Fighting
  8846 | D:8      | Found an opulent altar of Gozag.
  8998 | D:9      | Noticed Erica
  9012 | D:9      | Killed Erica
  9246 | D:9      | Found Nadgh's Assorted Antiques.
  9484 | D:9      | Found a sparkling altar of Nemelex Xobeh.
  9508 | D:9      | Found a sacrificial altar of Ru.
 10049 | D:9      | Reached skill level 17 in Fighting
 10661 | D:9      | Reached skill level 18 in Fighting
 10895 | D:9      | Bought a scroll labelled NIN HIGUONIB for 25 gold pieces
 10986 | D:10     | Entered Level 10 of the Dungeon
 10986 | D:10     | Reached *** piety under Hepliaklqana
 10990 | D:10     | Found a blossoming altar of Fedhas.
 11035 | D:10     | Noticed a boulder beetle
 11178 | D:9      | Remembered your ancestor Alice as a hexer
 11294 | D:10     | Reached skill level 1 in Evocations
 11453 | D:10     | Noticed a centaur warrior
 11453 | D:10     | Noticed a brown ugly thing
 11458 | D:10     | Found a runed translucent door.
 11501 | D:10     | Reached XP level 11. HP: 60/107 MP: 10/10
 11886 | D:10     | Found Seseda's Jewellery Emporium.
 12021 | D:10     | Found a staircase to the Lair.
 12192 | D:10     | Reached skill level 5 in Evocations
 13033 | D:10     | Found a burning altar of Makhleb.
 13033 | D:10     | Noticed a two-headed ogre
 13041 | D:10     | Killed a two-headed ogre
 13628 | D:10     | Noticed a sixfirhy
 13630 | D:10     | Noticed a tengu warrior
 13834 | D:10     | Noticed a green ugly thing
 15314 | D:11     | Found a staircase to the Orcish Mines.
 15382 | D:11     | Reached XP level 12. HP: 98/114 MP: 11/11
 16090 | D:12     | Reached skill level 10 in Evocations
 16090 | D:12     | Reached skill level 1 in Invocations
 16308 | D:12     | Noticed a centaur warrior
 16319 | D:12     | Killed a centaur warrior
 16853 | D:12     | Reached skill level 5 in Invocations
 18174 | D:10     | Killed a boulder beetle
 18454 | D:10     | Killed a centaur warrior
 18804 | D:3      | Killed Curundu's ghost
 19095 | Lair:1   | Entered Level 1 of the Lair of Beasts
 19095 | Lair:1   | Noticed Amaemon
 19107 | Lair:1   | Killed Amaemon
 19140 | Lair:1   | Noticed a five-headed hydra
 19313 | Lair:1   | Killed a one-headed hydra
 19663 | Lair:1   | Reached skill level 10 in Invocations
 19784 | Lair:1   | Reached **** piety under Hepliaklqana
 19786 | Lair:1   | Noticed a six-headed hydra
 19793 | Lair:1   | Killed a three-headed hydra
 19937 | Lair:1   | Reached XP level 13. HP: 120/120 MP: 19/19
 19939 | Lair:1   | Noticed Nergalle
 19947 | Lair:1   | Killed Nergalle
 20568 | Lair:2   | Upgraded the game from 0.29-a0-563-g64e4043184 to
                  | 0.29-a0-575-g0dc89cf053
 20793 | Lair:2   | Found a staircase to the Swamp.
 22243 | Lair:3   | Reached ***** piety under Hepliaklqana
 22417 | Lair:3   | Found a hole to the Spider Nest.
 22813 | Lair:4   | Found a gate leading to a gauntlet.
 22825 | Gauntlet | Entered a Gauntlet
 22825 | Gauntlet | Found a transporter.
 22825 | Gauntlet | Found a transporter.
 22826 | Gauntlet | Found a transporter.
 22829 | Gauntlet | Found a transporter.
 22829 | Gauntlet | Found a transporter.
 22840 | Gauntlet | Found a transporter.
 22861 | Gauntlet | Found a transporter.
 22883 | Gauntlet | Found a transporter.
 22900 | Gauntlet | Found a transporter.
 22908 | Gauntlet | Found a transporter.
 22926 | Gauntlet | Found a transporter.
 22977 | Gauntlet | Found a transporter.
 23580 | Gauntlet | Noticed a minotaur
 23584 | Gauntlet | Killed a minotaur
 23843 | D:9      | Bought a potion of mutation for 200 gold pieces
 23843 | D:9      | Bought a potion of ambrosia for 200 gold pieces
 23843 | D:9      | Bought a scroll of identify for 50 gold pieces
 23843 | D:9      | Bought a potion of might for 100 gold pieces
 26032 | Lair:5   | Found a staircase to the Slime Pits.
 26067 | Lair:5   | Found a shimmering altar of Xom.
 26253 | Lair:5   | Found a runed translucent door.
 26255 | Lair:5   | Noticed Tynuabry's ghost (journeyman DECj)
 26574 | Lair:6   | Entered Level 6 of the Lair of Beasts
 26608 | Lair:6   | Reached XP level 14. HP: 94/128 MP: 23/23
 26919 | Lair:4   | Reached skill level 10 in Armour
 28247 | Orc:1    | Entered Level 1 of the Orcish Mines
 28274 | Orc:1    | Reached ****** piety under Hepliaklqana
 28445 | Orc:2    | Entered Level 2 of the Orcish Mines
 28445 | Orc:2    | Noticed an orc warlord
 28453 | Orc:2    | Killed an orc warlord
 28455 | Orc:2    | Found Juetoun's Jewellery Shop.
 28496 | Orc:2    | Noticed Erolcha
 28501 | Orc:2    | Cast into level 2 of the Abyss (Erolcha)
 28553 | Abyss:2  | Noticed a profane servitor
 28579 | Orc:2    | Escaped the Abyss
 28600 | Orc:2    | Found a staircase to the Elven Halls.
 28695 | Orc:1    | Killed Erolcha
 28866 | Orc:2    | Noticed an orc warlord
 28867 | Orc:2    | Reached skill level 15 in Armour
 28980 | Orc:2    | Killed an orc warlord
 29144 | Orc:2    | Found Noohiamnoxzu's Book Shoppe.
 29219 | Orc:2    | Found Kyemu's Antique Weapon Shop.
 29301 | Orc:2    | Found Nadyqup's General Store.
 29346 | Orc:2    | Bought a scroll of poison for 52 gold pieces
 29363 | Orc:2    | Found Ropru's Antique Armour Emporium.
 29371 | Orc:2    | Bought a pair of embroidered boots for 232 gold pieces
 29579 | Orc:2    | Bought the ring "Liss" {rPois rCorr Dex+3} for 389 gold
                  | pieces
 29579 | Orc:2    | Bought the ring of Winter {Will+ MP+9 Str+4 Dex+4} for 494
                  | gold pieces
 29688 | Orc:1    | Noticed an orc warlord
 29706 | Orc:1    | Shot with a bolt by an orc warlord

Illustrated notes

Levels and vault maps discovered:
D:1:      psy_arrival_conway, layout_loops_ring, item_on_display_a
D:2:      minmay_door_path, layout_basic, hellmonk_ecumenical_altar_crossroads
D:3:      layout_basic, nicolae_ashenzari_panopticon, elyvilon_altar_4,
          gammafunk_ghost_grave
D:4:      layout_gridville, minmay_temple_entry_slanted
D:5:      layout_gridville, minivault_25, serial_bayou_crossing, uniq_duvessa
D:6:      cheibrodos_fertilizer, layout_layer_cave,
          nicolae_yredelemnul_corpse_copse, gammafunk_ghost_cemetery
D:7:      layout_cave_pools, hex_large, uniq_menkaure
D:8:      layout_cave_pools, overflow_temple_1_default, uniq_psyche
D:9:      layout_grid_maze, mainiacjoe_overflow_catch_the_wave,
          nicolae_inconvenience_store, uniq_erica
D:10:     minmay_the_grid_triangle_9x9_rhombus_full
          [minmay_the_grid_triangle_9x9_odd_lines,
          minmay_the_grid_triangle_9x9_corruption,
          minmay_the_grid_triangle_9x9_subtriangle,
          minmay_the_grid_triangle_9x9_windchime,
          minmay_the_grid_triangle_9x9_alien,
          minmay_the_grid_triangle_9x9_flanged_cone,
          minmay_the_grid_triangle_9x9_skeleton,
          minmay_the_grid_triangle_9x9_prize_top_heavy], layout_loops_cross,
          kennysheep_little_box, fedhas_ov_isle_minmay, david_lair_shrubbed,
          minmay_shop_enchanted_jewellery, st_stairs_2
D:11:     layout_long_grid, orc_0_dummy
D:12:     layout_loops_ring
Temple:   eino_temple_water
Lair:1:   layout_gridlike, chequers_serial_rivers_small_a,
          chequers_serial_rivers_room_a, infiniplex_staircase_pool,
          grunt_megastairs_1, lemuel_fruit_tree, uniq_amaemon, uniq_nergalle
Lair:2:   layout_regular_city, swamp_mist_pool, dreamdust_deal_with_the_devil
Lair:3:   layout_regular_city, spider_nest_entry_funnel_web
Lair:4:   layout_hall_layers, gauntlet_entry_generic
Lair:5:   layout_hall_layers, minmay_slime_entry_oklob_open,
          ebering_ghost_reflecting_pool, chequers_serial_rivers_small_b,
          lemuel_centaur_altar, infiniplex_staircase_pool_2
Lair:6:   gammafunk_lair_ancient_temple, layout_regular_city
Orc:1:    orc_temple, layout_caves
Orc:2:    grunt_orc_gardens, layout_caves, grunt_orc_garden, grunt_orc_garden,
          grunt_orc_garden, grunt_orc_garden, serial_shops,
          nicolae_shop_statue_plus, uniq_erolcha

Skill      XL: |  1  2  3  4  5  6  7  8  9 10 11 12 13 14 |
---------------+-------------------------------------------+-----
Armour         | 4 5 7 8 9 15 | 15.6
Shields        | 4 |  4.0
Fighting       | 4 6 8 12 15 18 | 18.0
Throwing       | 2 |  2.0
Evocations     | 2 9 10 | 10.0
Invocations    | 10 14 | 14.5
Polearms       | |  2.4

Action                   |  1- 3 |  4- 6 |  7- 9 | 10-12 | 13-15 || total
-------------------------+-------+-------+-------+-------+-------++-------
Melee: Trident           |   104 |   105 |   139 |   415 |   550 ||  1313
       Headbutt          |     6 |    15 |    47 |    82 |   107 ||   257
       Hand axe          |       |       |   107 |       |       ||   107
       War axe           |       |       |    55 |     3 |       ||    58
       Dagger            |       |       |     4 |       |       ||     4
       Scimitar          |       |       |       |     7 |    14 ||    21
 Fire: Hunting sling     |       |       |     2 |     5 |       ||     7
Throw: Javelin           |     3 |    24 |    13 |    30 |     3 ||    73
       Dart              |       |       |       |    12 |     5 ||    17
Invok: Recall Ancestor   |       |       |     1 |     1 |     3 ||     5
       Ancestor Life: He |       |       |       |     1 |       ||     1
       Ancestor Identity |       |       |       |     1 |       ||     1
       Idealise          |       |       |       |       |     3 ||     3
Evoke: Wand              |       |       |       |     6 |       ||     6
       Tin of tremorston |       |       |       |       |     2 ||     2
       Condenser vane    |       |       |       |       |     2 ||     2
  Use: Potion            |       |     1 |     3 |     2 |     5 ||    11
       Scroll            |       |     9 |       |    11 |     9 ||    29
 Stab: Paralysed         |       |       |       |     9 |       ||     9
       Confused          |       |       |       |     2 |     6 ||     8
       Distracted        |       |       |       |     1 |     4 ||     5
Armor: Scale mail        |    28 |    32 |       |       |       ||    60
       Chain mail        |       |     7 |   182 |   212 |   292 ||   693
       Skin              |       |       |    27 |       |       ||    27
Dodge: Dodged            |    38 |    30 |   176 |   246 |   378 ||   868
Block: Buckler           |    13 |    14 |    66 |    71 |   120 ||   284

Table legend: (Time is in decaauts)
 A = Elapsed time spent in this place.
 B = Non-inter-level travel time spent in this place.
 C = Inter-level travel time spent in this place.
 D = Time resting spent in this place.
 E = Time spent auto-exploring this place.
 F = Levels seen in this place.
 G = Mean time per level.
                   A        B        C        D        E       F      G
               +--------+--------+--------+--------+--------+-----+--------+
         Total |  30250 |  26529 |   3721 |   7632 |  13594 |  23 | 1315.2 |
       Dungeon |  19414 |  16480 |   2934 |   5322 |   8240 |  12 | 1617.8 |
        Temple |    483 |    443 |     40 |      0 |    412 |   1 |  483.0 |
          Lair |   8056 |   7407 |    649 |   1630 |   4195 |   6 | 1342.7 |
  Orcish Mines |   1440 |   1343 |     97 |    293 |    601 |   2 |  720.0 |
         Abyss |     79 |     79 |      0 |      0 |      0 |   1 |   79.0 |
      Gauntlet |    775 |    775 |      0 |    387 |    146 |   1 |  775.0 |
               +--------+--------+--------+--------+--------+-----+--------+

Top non-repeatable levels by time:
    D:10: 5512 daAuts
     D:9: 2404 daAuts
  Lair:4: 1775 daAuts
     D:6: 1513 daAuts
  Lair:1: 1417 daAuts
    D:12: 1396 daAuts
  Lair:5: 1386 daAuts
     D:4: 1369 daAuts
  Lair:3: 1307 daAuts
     D:7: 1281 daAuts
     D:5: 1218 daAuts
  Lair:2: 1096 daAuts
    D:11: 1088 daAuts
     D:2: 1076 daAuts
  Lair:6: 1073 daAuts
